 Dungeon Crawl Stone Soup version 0.29-a0-789-g7a8fcbc185 (webtiles) character file.

Game seed: 8462633516235640612

32 gruber the Shooter (level 3, 0/21 HPs)
             Began as a Kobold Hunter on July 2, 2022.
             Succumbed to an adder's poison
             ... on level 2 of the Dungeon.
             The game lasted 00:00:49 (1152 turns).

gruber the Shooter (Kobold Hunter)                  Turns: 1152, Time: 00:00:50

Health: 0/21       AC:  3    Str:  5 (8)  XL:     3   Next: 42%
Magic:  3/3        EV: 14    Int:  8 (10) God:
Gold:   20         SH:  0    Dex: 17 (20) Spells: 2/2 levels left

rFire   . . .      SeeInvis .   a - +0 shortbow
rCold   . . .      Faith    .   (shield currently unavailable)
rNeg    . . .      Spirit   .   c - +0 leather armour
rPois   .          Reflect  .   (no helmet)
rElec   .          Harm     .   (no cloak)
rCorr   .          Rampage  .   (no gloves)
Will    .....                   (no boots)
Stlth   +++.......              (no amulet)
HPRegen 0.07/turn               (no ring)
MPRegen 0.08/turn               (no ring)

@: lethally poisoned (0 -> -5)
A: small, no large weapons, nightstalker 3
a: no special abilities


You were on level 2 of the Dungeon.
You visited 1 branch of the dungeon, and saw 2 of its levels.

You collected 20 gold pieces.

Inventory:

Hand Weapons
 a - a +0 shortbow (weapon)
Armour
 c - a +0 leather armour (worn)
Jewellery
 e - a +6 ring of intelligence
Scrolls
 b - a scroll of immolation
 g - a scroll of fear {unknown}


   Skills:
 - Level 2.1 Fighting
 + Level 6.7 Ranged Weapons
 - Level 2.4 Dodging
 - Level 1.3 Stealth


You had 2 spell levels left.
You didn't know any spells.
Your spell library contained the following spells:

 Spells                   Type           Power      Damage    Failure   Level
 Sandblast                Erth           0%         2d4       58%         1
 Passwall                 Tmut/Erth      0%         N/A       73%         2
 Stone Arrow              Conj/Erth      0%         3d7       91%         3


Dungeon Overview and Level Annotations

Branches:
Dungeon (2/15)

Altars:


Innate Abilities, Weirdness & Mutations

You are small and have problems with some larger weapons.
You are completely attuned to the shadows.


Message History

An adder is nearby!
You shoot an arrow.
The arrow hits the adder but does no damage.
The adder is severely wounded.
You feel very sick. The adder misses you.
An adder is nearby!
An adder is nearby!
You shoot an arrow. The arrow completely misses the adder.
You feel sick. The adder bites you.
You are lethally poisoned!
The adder poisons you! The adder closely misses you.
You are too injured to fight recklessly!
There is a lethal amount of poison in your body!
You are too injured to fight recklessly!
You are too injured to fight recklessly!
You are too injured to fight recklessly!
Fire: a) +0 shortbow
Press: ? - help, Q - select action Shift-Dir - straight line, f/p - adder
Aim: an adder (severely wounded)
You shoot an arrow. The arrow barely misses the adder.
* * * LOW HITPOINT WARNING * * *
You feel very sick. The adder misses you.
Fire: a) +0 shortbow
Press: ? - help, Q - select action Shift-Dir - straight line, f/p - adder
Aim: an adder (severely wounded)
You shoot an arrow. The arrow barely misses the adder.
* * * LOW HITPOINT WARNING * * *
You feel sick. The adder misses you. The adder bites you.
* * * LOW HITPOINT WARNING * * *
Unknown command.
Unknown command.
It was a potion of degeneration.
There was something very wrong with that liquid.
You feel weakened.
You feel dopey.
You feel clumsy.
* * * LOW HITPOINT WARNING * * *
You feel sick. The adder misses you.
It was a potion of cancellation.
You feel magically purged.
You die...

♣..# ♣ ♣..#
P.♣..# PP♣S.#
♣.@.# .♣ #...#
.♣.♣..#...+
.......#...##
#....#(.....#
#..#)#......#
##[...'......+
#.....#......#
#...#.#......#


You could see an adder.

Vanquished Creatures
  A dart slug (D:1)
  3 ball pythons (D:1)
  A bat (D:2)
  6 endoplasms (D:1)
  3 giant cockroaches (D:1)
  A goblin (D:1)
  3 hobgoblins (D:1)
  2 kobolds
  A quokka (D:1)
  A frilled lizard (D:1)
  A rat (D:2)
23 creatures vanquished.

Vanquished Creatures (others)
  2 plants (D:2)
2 creatures vanquished.

Grand Total: 25 creatures vanquished

Notes
Turn   | Place    | Note
-------+----------+-------------------------------------------
     0 | D:1      | gruber the Kobold Hunter began the quest for the Orb.
     0 | D:1      | Reached XP level 1. HP: 12/12 MP: 1/1
    72 | D:1      | Reached XP level 2. HP: 17/17 MP: 2/2
    93 | D:1      | Reached skill level 6 in Ranged Weapons
   230 | D:1      | Found a faded altar of an unknown god.
   429 | D:1      | Reached XP level 3. HP: 21/21 MP: 3/3
  1151 | D:2      | HP: 1/21 [poisoned by an adder]
  1152 | D:2      | Succumbed to an adder's poison

Illustrated notes

Levels and vault maps discovered:
D:1:      spicycebolla_green_bress_n_ham, layout_basic, basic_ecumenical_altar
D:2:      layout_basic, serial_forest, infiniplex_forest_clump_C,
          infiniplex_forest_fountain, infiniplex_forest_clump_small,
          infiniplex_forest_end_1, infiniplex_forest_clump_small,
          infiniplex_forest_end_3, infiniplex_forest_lined_corner,
          infiniplex_forest_clump_large, grunt_ministairs_7, uniq_robin

Skill      XL: |  1  2 |
---------------+-------+-----
Ranged Weapons | 6 |  6.7
Fighting       | |  2.1
Dodging        | |  2.4
Stealth        | |  1.3

Action                   || total
-------------------------++-------
 Fire: Shortbow          ||    67
  Use: Potion            ||     2
Armor: Leather armour    ||     6
Dodge: Dodged            ||    23

Table legend: (Time is in decaauts)
 A = Elapsed time spent in this place.
 B = Non-inter-level travel time spent in this place.
 C = Inter-level travel time spent in this place.
 D = Time resting spent in this place.
 E = Time spent auto-exploring this place.
 F = Levels seen in this place.
 G = Mean time per level.
                   A        B        C        D        E       F      G
               +--------+--------+--------+--------+--------+-----+--------+
         Total |   1168 |   1152 |     16 |      0 |   1023 |   2 |  584.0 |
       Dungeon |   1168 |   1152 |     16 |      0 |   1023 |   2 |  584.0 |
               +--------+--------+--------+--------+--------+-----+--------+

Top non-repeatable levels by time:
     D:1: 1022 daAuts
     D:2: 145 daAuts
